 Dungeon Crawl Stone Soup version 0.30-a0-1160-g6e42c06 (webtiles) character file.

Game seed: 4409521725032394142

15776 Dorkslayer the Cleaver (level 12, -3/72 HPs)
             Began as a Gargoyle Fighter on Apr 25, 2023.
             Was a High Priest of the Shining One.
             Slain by an ettin
             ... wielding a +0 dire flail
              (21 damage)
             ... on level 1 of the Orcish Mines.
             The game lasted 00:26:37 (8994 turns).

Dorkslayer the Cleaver (Gargoyle Fighter)           Turns: 8994, Time: 00:26:38

Health: -3/72      AC: 34    Str: 28    XL:     12   Next: 30%
Magic:  18/18      EV: 14    Int:  6    God:    the Shining One [*****.]
Gold:   737        SH:  5    Dex: 11    Spells: 11/11 levels left

rFire   . . .        P - +2 trident (heavy)
rCold   . . .        c - +0 buckler
rNeg    + + +        i - +3 plate armour
rPois   ∞            B - +0 helmet
rElec   +            G - +2 cloak
rCorr   .            s - +0 pair of gloves
SInv    .            o - +2 pair of boots {Fly}
Will    +++..        K - amulet of the acrobat Stlth
                     j - ring "Zumuumyu" {*Slow rElec Will+++ Str+6 Int-4}
HPRegen 0.32/turn    M - +5 ring of evasion
MPRegen 0.16/turn

%: slow self (1%), acrobat
@: flying, glowing
A: sickness immunity, AC +8, negative energy resistance 1, electricity
resistance, torment resistance 1, petrification resistance
a: Renounce Religion, Divine Shield, Cleansing Flame, Summon Divine Warrior


You were on level 1 of the Orcish Mines.
You worshipped the Shining One.
The Shining One was extremely pleased with you.
You visited 2 branches of the dungeon, and saw 11 of its levels.
You also visited: Ossuary.

You collected 737 gold pieces.

Inventory:

Hand Weapons
 a - a +0 war axe
 P - a +2 heavy trident (weapon)
Missiles
 l - 5 javelins (quivered)
 u - 10 boomerangs
 I - a throwing net
 Q - a curare-tipped dart
Armour
 c - a +0 buckler (worn)
 i - a +3 plate armour (worn)
 o - a +2 pair of boots of flying (worn)
 s - a +0 pair of gloves (worn)
 B - a +0 helmet (worn)
 G - a +2 cloak (worn)
Jewellery
 j - the ring "Zumuumyu" (left hand) {*Slow rElec Will+++ Str+6 Int-4}
   (You acquired it on level 9 of the Dungeon)

   [ring of strength]

   Str:       It affects your strength (+6).
   Int:       It affects your intelligence (-4).
   rElec:     It insulates you from electricity.
   *Slow:     It may slow you when you take damage.
   Will:      It greatly increases your willpower.
 q - a ring of protection from cold
 y - a ring of protection from fire
 K - an amulet of the acrobat (around neck)
 M - a +5 ring of evasion (right hand)
Wands
 v - a wand of light (12)
 E - a wand of charming (9)
 J - a wand of iceblast (5)
 N - a wand of polymorph (7)
Scrolls
 d - a scroll of fear
 g - 5 scrolls of teleportation
 h - a scroll of blinking
 m - 3 scrolls of fog
 A - 4 scrolls of immolation
 D - a scroll of brand weapon {unknown}
 F - 2 scrolls of enchant armour
 L - 2 scrolls of noise {unknown}
Potions
 b - 5 potions of curing
 e - 2 potions of haste {unknown}
 f - 4 potions of flight
 k - 2 potions of mutation
 n - a potion of magic {unknown}
 p - a potion of heal wounds
 t - a potion of cancellation
 w - 2 potions of ambrosia
 x - 3 potions of attraction
 z - 3 potions of lignification
 C - 2 potions of degeneration {unknown}
 H - a potion of brilliance


   Skills:
 + Level 7.1 Fighting
 + Level 10.1(10.3) Axes
 * Level 3.5(7.3) Polearms
 + Level 5.5 Throwing
 + Level 7.2 Armour
 + Level 5.4 Dodging
 + Level 1.1 Stealth
 + Level 6.1 Shields
 * Level 8.0 Invocations
 * Level 5.1 Evocations


You had 11 spell levels left.
You didn't know any spells.
Your spell library contained the following spells:

 Spells                   Type           Power      Damage    Failure   Level
 Freeze                   Ice            0%         1d3       99%         1
 Kiss of Death            Conj/Necr      0%         2d5       99%         1
 Blink                    Tloc           0%         N/A       100%        2
 Lesser Beckoning         Tloc           0%         N/A       100%        2
 Momentum Strike          Conj/Tloc      0%         3d8       100%        2
 Confusing Touch          Hex            0%         N/A       100%        3
 Frozen Ramparts          Ice            0%         1d1       100%        3
 Hailstorm                Conj/Ice       0%         3d3       100%        3
 Portal Projectile        Hex/Tloc       0%         N/A       100%        3
 Tukima's Dance           Hex            0%         N/A       100%        3
 Vhi's Electric Charge    Tloc/Air       0%         N/A       100%        3
 Dispel Undead            Necr           0%         3d6       100%        4
 Ice Form                 Ice/Tmut       0%         N/A       100%        4
 Petrify                  Tmut/Erth      0%         N/A       100%        4
 Summon Ice Beast         Ice/Summ       0%         N/A       100%        4
 Alistair's Intoxication  Tmut/Pois      0%         N/A       100%        5
 Arcjolt                  Conj/Air       0%         1d10      100%        5
 Blade Hands              Tmut           0%         N/A       100%        5
 Borgnjor's Vile Clutch   Necr/Erth      0%         N/A       100%        5
 Irradiate                Conj/Tmut      0%         3d11      100%        5
 Eringya's Noxious Bog    Tmut/Pois      0%         N/A       100%        6
 Maxwell's Capacitive Co  Air            0%         ∞         100%        8
 Sublimation of Blood     Necr           Unusable   N/A       N/A         2

Dungeon Overview and Level Annotations

Branches:
Dungeon (10/15)            Temple (0/1) D:5            Lair (0/5) D:8
    Orc (1/2) D:9         Ossuary (visited)

Altars:
Ashenzari
Dithmenos
Elyvilon
Hepliaklqana
Kikubaaqudgha
Nemelex Xobeh
Ru
Sif Muna
Trog
Vehumet
Xom
Yredelemnul
Zin
The Shining One

Shops:
D:3 =   Orc:1 :

Annotations:
Orc:1 2 runed translucent doors, Sarlacc's ghost, journeyman MiBe


Innate Abilities, Weirdness & Mutations

You are immune to sickness and miasma.
Your stone body is resilient. (AC +8)
You are immune to poison.
You resist negative energy. (rN+)
You are resistant to electric shocks. (rElec)
You are resistant to unholy torment.
You are immune to petrification.


Message History

The ettin is moderately wounded.
The ettin hits you but does no damage. You block the ettin's attack.
You block the orc warrior's attack.
Unknown command.
The orc wizard attacks as you move away!
The orc wizard hits you but does no damage.
Aiming: Iceblast
Press: ? - help, Shift-Dir - straight line, f - ettin
Aim: an ettin, wielding a +0 dire flail and a +1 dire flail of protection (moderately wounded, haloed)
The mass of ice explodes!
The iceblast engulfs the ettin!
The ettin is moderately wounded.
The iceblast engulfs the orc warrior!
The orc warrior is heavily wounded.
The iceblast engulfs the orc wizard!
You kill the orc wizard!
The iceblast engulfs the orc wizard!
You kill the orc wizard!
The iceblast engulfs the orc wizard!
The orc wizard is almost dead.
Unknown command.
Unknown command.
You hit the ettin but do no damage.
The ettin is moderately wounded.
The ettin hits you with a +0 dire flail!!
The ettin hits you with a +1 dire flail of protection!
The orc warrior barely misses you.
Unknown command.
You impale the ettin!!
The ettin is severely wounded.
The ettin barely misses you. You block the ettin's attack.
You hit the ettin but do no damage.
The ettin is severely wounded.
The ettin hits you but does no damage.
The ettin hits you with a +1 dire flail of protection!
* * * LOW HITPOINT WARNING * * *
You hit the ettin.
The ettin is severely wounded.
The ettin barely misses you.
The ettin hits you with a +1 dire flail of protection!!
You die...

#### #....#...#
#....#≈)≈. #....+~#..
##....+=..[ ##.....#≈8~.
#......#W.#.
###########....###$~#
####.##..#.#####...#####
###.#.......o)o#@......#
#...........oooC......##
...........###.#.#....#
..#.......## #######.##
...#.......## ##
......Coo...#
...........##
..........## ........###


You could see an ettin, an orc wizard and 2 orcs.

Vanquished Creatures
  Harold (D:10)
  Erolcha (D:9)
  Fannar (D:10)
  The ghost of TheBossLevel the Carver, a journeyman OpDe of Uskayaw (D:10)
  2 two-headed ogres
  A tengu warrior (D:10)
  Sonja (D:10)
  Pikel (D:6)
  A moth of wrath (D:10)
  3 trolls (D:10)
  A hornet (D:9)
  A shadow (D:10)
  A vampire (D:9)
  9 yaks (D:9)
  Eustachio (D:4)
  Grum (D:8)
  5 steam dragons
  2 vampire mosquitoes (D:10)
  Menkaure (D:6)
  Edmund (D:4)
  3 wargs (D:8)
  An acid dragon (D:10)
  5 water moccasins
  2 ice beasts (D:7)
  3 sky beasts
  6 orc warriors
  2 black bears
  3 centaurs
  3 ogres (Orc:1)
  A lemure (D:6)
  3 wolves (D:8)
  2 phantoms
  6 kobold brigands
  4 elf zombies (Ossuary)
  A bullfrog (D:6)
  A gnoll sergeant (D:9)
  4 scorpions
  5 wights (D:8)
  12 killer bees
  2 howler monkeys (D:9)
  7 orc priests
  2 human zombies (Ossuary)
  3 jellies
  6 centaur zombies (Ossuary)
  8 hounds
  2 gnoll boudas
  A sleepcap (D:6)
  3 iguanas
  12 orc wizards
  3 mummies (Ossuary)
  14 gnolls
  2 adders
  2 white imps
  2 ufetubi
  46 orcs
  2 bats
  3 bat skeletons (D:6)
  3 bat zombies (D:6)
  8 endoplasms
  4 giant cockroaches
  5 goblins
  3 hobgoblins
  11 jackals
  9 kobolds
  5 quokkas
  5 ball pythons
  3 frilled lizards
  3 rats
282 creatures vanquished.

Vanquished Creatures (others)
  9 plants
9 creatures vanquished.

Grand Total: 291 creatures vanquished

Notes
Turn   | Place    | Note
-------+----------+-------------------------------------------
     0 | D:1      | Dorkslayer the Gargoyle Fighter began the quest for the
                  | Orb.
     0 | D:1      | Reached XP level 1. HP: 14/14 MP: 1/1
   234 | D:1      | Reached XP level 2. HP: 19/19 MP: 2/2
   372 | D:1      | Reached skill level 2 in Axes
   772 | D:2      | Reached XP level 3. HP: 23/23 MP: 3/3
   871 | D:2      | Found a faded altar of an unknown god.
   903 | D:2      | Prayed at the altar of an unknown god.
   903 | D:2      | Became a worshipper of the Shining One
   903 | D:2      | Reached * piety under the Shining One
  1636 | D:3      | Found Gudiamum's Jewellery Boutique.
  1713 | D:3      | Found a basalt altar of Yredelemnul.
  1883 | D:3      | Reached XP level 4. HP: 28/28 MP: 4/4
  1898 | D:3      | Reached skill level 1 in Throwing
  1909 | D:3      | Reached skill level 1 in Dodging
  1922 | D:3      | Reached XP level 5. HP: 28/33 MP: 5/5
  1958 | D:3      | Reached skill level 1 in Invocations
  2213 | D:4      | Noticed Edmund
  2215 | D:4      | Noticed Eustachio
  2224 | D:4      | Killed Edmund
  2225 | D:4      | Reached skill level 3 in Axes
  2225 | D:4      | Reached XP level 6. HP: 21/38 MP: 5/7
  2233 | D:4      | Killed Eustachio
  2296 | D:4      | Found a glowing silver altar of Zin.
  2423 | D:4      | Noticed a steam dragon
  2436 | D:4      | Killed a steam dragon
  2437 | D:4      | Reached skill level 4 in Axes
  2437 | D:4      | Reached XP level 7. HP: 20/43 MP: 8/8
  2446 | D:4      | Found a white marble altar of Elyvilon.
  2524 | D:4      | Found a shimmering altar of Xom.
  2996 | D:5      | Entered Level 5 of the Dungeon
  3052 | D:5      | Found a sparkling altar of Nemelex Xobeh.
  3118 | D:5      | Found a sand-covered staircase.
  3127 | Ossuary  | Entered an ossuary
  3133 | Ossuary  | Reached ** piety under the Shining One
  3160 | Ossuary  | Reached XP level 8. HP: 48/48 MP: 10/10
  3215 | Ossuary  | Reached skill level 5 in Axes
  3272 | Ossuary  | Reached *** piety under the Shining One
  3530 | D:5      | Found a staircase to the Ecumenical Temple.
  3545 | D:5      | Reached skill level 6 in Axes
  3561 | D:5      | Found a shadowy altar of Dithmenos.
  3599 | D:5      | Reached XP level 9. HP: 49/53 MP: 12/12
  3742 | D:5      | Reached skill level 5 in Fighting
  3742 | D:5      | Reached skill level 5 in Armour
  3760 | D:5      | You are sucked into a shaft and drop 3 floors!
  3791 | D:8      | Noticed a two-headed ogre
  3800 | D:8      | Noticed Grum
  3806 | D:8      | Killed a two-headed ogre
  3813 | D:8      | Reached skill level 7 in Axes
  3814 | D:8      | Killed Grum
  3818 | D:8      | Reached skill level 5 in Invocations
  3911 | D:7      | Found a sacrificial altar of Ru.
  4038 | D:7      | Reached XP level 10. HP: 53/60 MP: 13/13
  4126 | D:6      | Identified the +3 scale mail of Wyeseu {rC+ Dex+8}
  4163 | D:5      | Reached skill level 1 in Evocations
  4559 | D:6      | Noticed Menkaure
  4569 | D:6      | Killed Menkaure
  4716 | D:6      | Reached skill level 8 in Axes
  4874 | D:6      | Reached **** piety under the Shining One
  4884 | D:6      | Found an ancient bone altar of Kikubaaqudgha.
  4885 | D:6      | Noticed Pikel
  4898 | D:6      | Killed Pikel
  4899 | D:6      | Reached skill level 5 in Shields
  5087 | D:6      | Found the +7 Throatcutter {drain, coup de grace}
  5526 | D:7      | Found a broken altar of Ashenzari.
  5530 | D:7      | Saw a vision of the Swamp and the Snake Pit.
  5530 | D:7      | Noticed a mana viper
  5530 | D:7      | Noticed a naga sharpshooter
  5530 | D:7      | Noticed a black mamba
  5531 | D:7      | Noticed a goliath frog
  5531 | D:7      | Noticed a black mamba
  5532 | D:7      | Noticed a spriggan druid
  5535 | D:7      | Noticed a naga mage
  5664 | D:8      | Reached skill level 1 in Stealth
  5769 | D:8      | Found a staircase to the Lair.
  6414 | D:9      | Reached XP level 11. HP: 58/65 MP: 15/15
  6528 | D:9      | Reached skill level 9 in Axes
  6543 | D:9      | Reached ***** piety under the Shining One
  6554 | D:9      | Reached skill level 5 in Dodging
  6582 | D:9      | Found a radiant altar of Vehumet.
  6594 | D:9      | Noticed Erolcha
  6621 | D:9      | Killed Erolcha
  6687 | D:9      | Identified a scroll of acquirement
  6687 | D:9      | Acquired the ring "Zumuumyu" {*Slow rElec Will+++ Str+6
                  | Int-4}
  7341 | D:9      | Found a staircase to the Orcish Mines.
  7425 | D:10     | Entered Level 10 of the Dungeon
  7554 | D:10     | Found a hazy altar of Hepliaklqana.
  7637 | D:10     | Found a shimmering blue altar of Sif Muna.
  7666 | D:10     | Identified the +1 chain mail "Vuxug" {Will++ Str-5 Dex+2
                  | SInv}
  7667 | D:10     | Noticed Sonja
  7673 | D:10     | Killed Sonja
  7756 | D:10     | Noticed Harold
  7768 | D:10     | Killed Harold
  7769 | D:10     | Reached skill level 5 in Throwing
  7879 | D:10     | Noticed Fannar
  7889 | D:10     | Killed Fannar
  8070 | D:10     | Reached skill level 10 in Axes
  8170 | D:10     | Found a bloodstained altar of Trog.
  8172 | D:10     | Noticed a two-headed ogre
  8172 | D:10     | Noticed TheBossLevel's ghost (journeyman OpDe)
  8173 | D:10     | Noticed a tengu warrior
  8176 | D:10     | Found a transporter.
  8180 | D:10     | Found a transporter.
  8259 | D:10     | Noticed a moth of wrath
  8539 | D:10     | Killed a moth of wrath
  8540 | D:10     | Reached skill level 1 in Polearms
  8541 | D:10     | Killed a two-headed ogre
  8542 | D:10     | Reached XP level 12. HP: 67/72 MP: 17/17
  8553 | D:10     | Killed TheBossLevel's ghost
  8554 | D:10     | Reached skill level 5 in Evocations
  8563 | D:10     | Killed a tengu warrior
  8654 | Orc:1    | Entered Level 1 of the Orcish Mines
  8728 | Orc:1    | Found Akutanes's Vocational Training.
  8911 | Orc:1    | Found a large runed translucent door.
  8911 | Orc:1    | Found a large runed translucent door.
  8915 | Orc:1    | Noticed Sarlacc's ghost (journeyman MiBe)
  8966 | Orc:1    | Noticed an ettin
  8994 | Orc:1    | Slain by an ettin

Illustrated notes

Levels and vault maps discovered:
D:1:      sevenhm_arrival_forest_fort_large_2, layout_basic
D:2:      layout_basic, hellmonk_ecumenical_altar_dog_temple
D:3:      layout_basic, marbit_many_paths, serial_shops, shop,
          serial_bayou_pond_a, chequers_decorated_corner,
          palyth_stone_intersect, kennysheep_generic_room_8
D:4:      layout_loops_ring, elyvilon_altar_5,
          mainiacjoe_overflow_surrounded_room, mainiacjoe_overflow_24_doors,
          uniq_eustachio, uniq_edmund
D:5:      layout_basic, nemelex_altar_shiori, mainiacjoe_overflow_alcove_4,
          minmay_temple_entry_statues_fountains, enter_ossuary_3,
          chequers_serial_rivers_room_a, minmay_misc_feat_enclosed,
          kennysheep_generic_room_9
D:6:      nicolae_cairo_tiling_very_big, layout_basic,
          kennysheep_vampire_church, dilly_guarded_unrand_throatcut, uniq_pikel,
          uniq_menkaure
D:7:      layout_cave_pools, nicolae_ru_great_annihilating_truth,
          grunt_ashenzari_visionary [grunt_ashenzari_visionary_swamp,
          grunt_ashenzari_visionary_snake]
D:8:      layout_loops_ring, erik_lair_orcish_takeover, uniq_grum
D:9:      layout_basic, nicolae_vehumet_radiance, orc_0_dummy, uniq_erolcha
D:10:     layout_grid_maze, nicolae_hepliaklqana_hazy_memory,
          nicolae_overflow_crystal_walls, gammafunk_ghost_wrathful_warriors,
          uniq_harold, uniq_sonja, uniq_fannar
Orc:1:    layout_caves, ebering_ghost_disaster_area, basic_altar,
          nicolae_shop_vocational

Skill      XL: |  1  2  3  4  5  6  7  8  9 10 11 12 |
---------------+-------------------------------------+-----
Axes           | 2 3 4 6 7 8 10 | 10.1
Throwing       | 1 2 3 4 5 |  5.5
Dodging        | 1 2 3 4 5 |  5.4
Invocations    | 1 2 3 4 5 6 7 8 |  8.0
Armour         | 4 5 6 7 |  7.2
Fighting       | 4 5 6 7 |  7.1
Shields        | 4 5 6 |  6.1
Evocations     | 3 4 5 |  5.1
Stealth        | 1 |  1.1
Polearms       | 1 3 |  3.5

Action                     |  1- 3 |  4- 6 |  7- 9 | 10-12 || total
---------------------------+-------+-------+-------+-------++-------
  Melee: War axe           |   108 |    88 |   252 |   418 ||   866
         Trident           |       |       |       |   116 ||   116
  Throw: Javelin           |       |       |     4 |     6 ||    10
         Dart              |       |       |       |    17 ||    17
 Invoke: Cleansing Flame   |       |       |       |     2 ||     2
  Evoke: Wand              |       |       |     7 |     9 ||    16
    Use: Scroll            |     2 |       |    16 |     5 ||    23
         Potion            |       |     1 |     2 |     2 ||     5
 Armour: Scale mail        |    47 |       |       |       ||    47
         Plate armour      |    22 |    72 |   228 |   477 ||   799
  Dodge: Dodged            |    55 |    20 |    86 |   338 ||   499
  Block: Buckler           |    28 |    16 |    55 |   152 ||   251

Table legend: (Time is in decaauts)
 A = Elapsed time spent in this place.
 B = Non-inter-level travel time spent in this place.
 C = Inter-level travel time spent in this place.
 D = Time resting spent in this place.
 E = Time spent auto-exploring this place.
 F = Levels seen in this place.
 G = Mean time per level.
                   A        B        C        D        E       F      G
               +--------+--------+--------+--------+--------+-----+--------+
         Total |   9238 |   9188 |     50 |      0 |   4914 |  12 |  769.8 |
       Dungeon |   8619 |   8570 |     49 |      0 |   4810 |  10 |  861.9 |
  Orcish Mines |    363 |    363 |      0 |      0 |     92 |   1 |  363.0 |
       Ossuary |    254 |    254 |      0 |      0 |     12 |   1 |  254.0 |
               +--------+--------+--------+--------+--------+-----+--------+

Top non-repeatable levels by time:
    D:10: 1237 daAuts
     D:9: 1072 daAuts
     D:5: 929 daAuts
     D:4: 874 daAuts
     D:8: 866 daAuts
     D:6: 814 daAuts
     D:2: 796 daAuts
     D:1: 793 daAuts
     D:3: 622 daAuts
     D:7: 613 daAuts
   Orc:1: 363 daAuts
 Ossuary: 254 daAuts
